 Dungeon Crawl Stone Soup version 0.27-a0-1006-g1fd4cec11e (webtiles) character file.

Game seed: 10699967118220677966

100 siradein the Skirmisher (level 4, -8/37 HPs)
             Began as a Demonspawn Fighter on Apr 18, 2021.
             Killed by divine providence
             ... invoked by an orc priest
              (11 damage)
             ... on level 3 of the Dungeon.
             The game lasted 00:03:04 (2061 turns).

siradein the Skirmisher (Demonspawn Fighter)        Turns: 2061, Time: 00:03:04

Health: -8/37      AC: 11    Str: 17    XL:     4   Next: 47%
Magic:  4/4        EV:  9    Int:  9    God:
Gold:   91         SH:  4    Dex: 13    Spells: 3/3 levels left

rFire    . . .     SeeInvis .   a - +0 war axe
rCold    . . .     Faith    .   e - +0 buckler
rNeg     . . .     Spirit   .   r - +0 plate armour
rPois    .         Reflect  .   (no helmet)
rElec    .         Harm     .   (no cloak)
rCorr    .         Rampage  .   (no gloves)
Will     .....                  (no boots)
Stlth    ..........             (no amulet)
HPRegen  0.12/turn              f - ring of flight
MPRegen  0.09/turn              (no ring)

@: agile, flying, hasted, very quick
A: powered by pain 2
a: no special abilities


You were on level 3 of the Dungeon.
You visited 1 branch of the dungeon, and saw 3 of its levels.

You collected 91 gold pieces.

Inventory:

Hand Weapons
 a - a +0 war axe (weapon)
Missiles
 i - 12 poisoned darts (quivered)
Armour
 c - a +0 kite shield
 e - a +0 buckler (worn)
 r - a +0 plate armour (worn)
Jewellery
 f - a ring of flight (left hand)
Scrolls
 b - a scroll of fog {unknown}
 g - a scroll of vulnerability {unknown}
 k - a scroll of summoning {unknown}
 l - 3 scrolls of identify {unknown}
 m - 2 scrolls of noise {unknown}
 n - a scroll of enchant weapon {unknown}
 q - 3 scrolls of teleportation {unknown}
Potions
 d - a potion of might
 h - a potion of attraction {unknown}
 j - a potion of degeneration {unknown}
 o - a potion of haste
 p - a potion of resistance {unknown}


   Skills:
 + Level 4.3 Fighting
 + Level 3.2 Axes
 - Level 2.6 Armour
 - Level 2.6 Shields


You had 3 spell levels left.
You didn't know any spells.
Your spell library was empty.

Dungeon Overview and Level Annotations

Branches:
Dungeon (3/15)

Altars:
Elyvilon

Annotations:
D:2 1 runed translucent door, Crazy Yiuf


Innate Abilities, Weirdness & Mutations

You sometimes gain power by taking damage.


Message History

Something hits you but does no damage.
Unknown command.
Your plate armour prevents you from hitting the orc priest.
The orc priest is heavily wounded.
You slash something!
The orc priest hits you but does no damage.
Something hits you but does no damage. x2
The orc priest hits you but does no damage.
Unknown command.
You barely miss the orc priest.
The orc priest is heavily wounded.
You miss something.
The orc priest calls down the wrath of Beogh upon you.
Beogh smites you!
* * * LOW HITPOINT WARNING * * *
You focus on the pain.
You feel agile all of a sudden. Something hits you.
* * * LOW HITPOINT WARNING * * *
You hit the orc priest.
The orc priest is severely wounded.
You miss something. You block the orc priest's attack. Something hits you.
* * * LOW HITPOINT WARNING * * *
You block the orc priest's attack. Something hits you but does no damage.
Unknown command.
You hit the orc priest but do no damage.
The orc priest is severely wounded.
You hit something. You block the orc priest's attack.
Something hits you but does no damage.
Unknown command.
You hit the orc priest but do no damage.
The orc priest is severely wounded.
You closely miss something.
The orc priest hits you but does no damage.
Something hits you but does no damage.
Unknown command.
It was a potion of haste.
You feel yourself speed up.
The orc priest invokes the aid of Beogh against you.
Beogh smites you!
You die...

####### ####### #.....#
....... #.....# .......
#.....# .......
#.....#####.......
#.........#)......
#.....###.@o......
#.....# ###{......
#.....# ....... #####.#
....... #.# ....... #.#
####### ....#######.####
...............###
>.#..#######.#...#######


You could see an orc priest.

Vanquished Creatures
  5 adders (D:2)
  A worm (D:2)
  A dart slug (D:3)
  3 orcs (D:3)
  6 bats
  2 endoplasms
  A giant cockroach (D:3)
  4 goblins
  4 jackals
  3 quokkas
  5 ball pythons
  5 frilled lizards
  6 kobolds
  4 rats
50 creatures vanquished.

Vanquished Creatures (others)
  A fungus (D:1)
  A plant (D:1)
2 creatures vanquished.

Grand Total: 52 creatures vanquished

Notes
Turn   | Place    | Note
-------+----------+-------------------------------------------
     0 | D:1      | siradein the Demonspawn Fighter began the quest for the
                  | Orb.
     0 | D:1      | Reached XP level 1. HP: 18/18 MP: 1/1
   154 | D:1      | Found a faded altar of an unknown god.
   247 | D:1      | Gained mutation: You sometimes gain a little power by
                  | taking damage. [demonic ancestry]
   247 | D:1      | Reached XP level 2. HP: 20/24 MP: 2/2
   660 | D:2      | Gained mutation: You sometimes gain power by taking damage.
                  | [demonic ancestry]
   660 | D:2      | Reached XP level 3. HP: 22/30 MP: 3/3
  1074 | D:2      | Reached skill level 4 in Fighting
  1427 | D:2      | Reached XP level 4. HP: 37/37 MP: 4/4
  1782 | D:2      | Found a runed translucent door.
  1783 | D:2      | Noticed Crazy Yiuf
  2061 | D:3      | Killed from afar by an orc priest

Illustrated notes

Levels and vault maps discovered:
D:1:      psy_arrival_whirlpool, layout_basic,
          shapermc_ecumenical_altar_mp_ritualfount
D:2:      layout_basic, basic_altar, uniq_crazy_yiuf_cottage
D:3:      layout_rooms, serial_shops, nicolae_shop_window_shopping,
          grunt_decor_resistance, minmay_cupped

Skill      XL: |  1  2  3 |
---------------+----------+-----
Axes           | 2 3 |  3.2
Fighting       | 4 |  4.3
Armour         | |  2.6
Shields        | |  2.6

Action                   |  1- 3 |  4- 6 || total
-------------------------+-------+-------++-------
Melee: War axe           |   101 |    56 ||   157
  Use: Potion            |       |     1 ||     1
Armor: Scale mail        |    42 |       ||    42
       Chain mail        |    23 |     4 ||    27
       Plate armour      |       |    52 ||    52
Dodge: Dodged            |    60 |    15 ||    75
Block: Buckler           |    30 |    23 ||    53

Table legend: (Time is in decaauts)
 A = Elapsed time spent in this place.
 B = Non-inter-level travel time spent in this place.
 C = Inter-level travel time spent in this place.
 D = Time resting spent in this place.
 E = Time spent auto-exploring this place.
 F = Levels seen in this place.
 G = Mean time per level.
                   A        B        C        D        E       F      G
               +--------+--------+--------+--------+--------+-----+--------+
         Total |   2124 |   2027 |     97 |      0 |   1612 |   3 |  708.0 |
       Dungeon |   2124 |   2027 |     97 |      0 |   1612 |   3 |  708.0 |
               +--------+--------+--------+--------+--------+-----+--------+

Top non-repeatable levels by time:
     D:2: 1330 daAuts
     D:1: 678 daAuts
     D:3: 115 daAuts
